Map: Lost and Found LE

Players

Neeb

  • Race: Protoss Protoss
  • Spawn Location: 7:00

Bly - Winner!

  • Race: Zerg Zerg
  • Spawn Location: 1:00

Event: WCS Valencia 2018

VOD

Have the link to the VOD?

Description

Time

  • Played on: July 13, 2018, 9:41 a.m.
  • Length: 12:28

All games in this series

Show
View Real Time Build Order
Export as new Build Order

Neeb Protoss 

Build Orders: Oracle Opening, Phoenix Opening, Carriers 

Get SALT Encoding   

  12  0:00  Probe  
  13  0:12  Probe  
  14  0:17  Pylon  
  14  0:25  Probe  
  15  0:34  Assimilator  
  15  0:35  Probe  
  16  0:43  Gateway, Probe  
  17  0:51  Probe  
  18  1:03  Probe  
  19  1:15  Probe  
  20  1:21  Zealot  
  20  1:23  Pylon  
  20  1:31  Cybernetics Core  
  20  1:32  Probe  
  23  2:02  Adept  
  23  2:05  Nexus  
  25  2:16  Probe  
  26  2:24  Stargate  
  26  2:28  Adept  
  28  2:32  Probe  
  28  2:36  Assimilator  
  29  2:42  Pylon  
  29  2:45  Probe  
  30  2:58  Gateway  
  30  2:59  Probe  
  31  3:06  Adept  
  31  3:11  Probe, Phoenix  
  32  3:20  Probe  
  32  3:23  Probe  
  36  3:28  Probe  
  37  3:35  Oracle, Probe  
  37  3:37  Probe  
  42  3:44  Assimilator  
  42  3:46  Assimilator  
  42  3:48  Probe  
  43  3:50  Probe  
  44  3:59  Pylon  
  44  4:00  Probe  
  45  4:03  Probe  
  45  4:09  Stargate  
  46  4:12  Probe, Phoenix  
  46  4:14  Probe  
  48  4:22  Probe  
  50  4:24  Probe  
  50  4:30  Probe  
  52  4:33  Pylon  
  52  4:34  Warp Gate  
  52  4:36  Probe  
  52  4:38  Phoenix  
  54  4:42  Probe  
  57  4:48  Probe  
  57  4:52  Pylon  
  58  4:54  Probe  
  58  4:55  Pylon  
  58  4:57  Phoenix  
  61  5:00  Probe  
  61  5:02  Phoenix  
  64  5:14  Adept x2  
  66  5:15  Phoenix  
  66  5:18  Probe  
  66  5:19  Probe  
  66  5:20  Pylon  
  67  5:30  Probe  
  67  5:32  Pylon  
  70  5:42  Oracle x2  
  74  5:49  Pylon  
  74  5:50  Shield Battery  
  74  5:54  Adept x2  
  78  5:58  Pylon  
  77  6:14  Twilight Council  
  76  6:18  Pylon  
  76  6:21  Sentry  
  76  6:24  Probe  
  78  6:35  Probe  
  78  6:39  Probe  
  80  6:45  Phoenix  
  80  6:46  Phoenix  
  77  6:47  Probe  
  77  6:51  Nexus, Probe  
  81  6:54  Dark Shrine  
  81  6:57  Gateway  
  81  6:59  Probe  
  84  7:04  Pylon  
  84  7:05  Probe  
  85  7:10  Phoenix  
  85  7:11  Fleet Beacon  
  85  7:13  Phoenix  
  85  7:14  Probe  
  90  7:23  Probe  
  90  7:27  Probe  
  92  7:35  Phoenix  
  92  7:37  Phoenix  
  92  7:38  Probe  
  93  7:44  Zealot x2  
  93  7:47  Probe  
  93  7:51  Assimilator  
  98  7:52  Pylon  
  98  7:53  Probe  
  98  7:55  Carrier x2, Assimilator  
  99  7:59  Probe  
  99  8:05  Probe  
  101  8:08  Probe  
  101  8:11  Probe  
  103  8:17  Probe  
  114  8:20  Zealot x2  
  114  8:23  Probe  
  114  8:24  Probe  
  120  8:28  Zealot  
  122  8:36  Protoss Air Weapons Level 1  
  120  8:44  Probe x2  
  120  8:45  Dark Templar x2  
  120  8:47  Probe  
  123  8:57  Forge  
  123  8:59  Shield Battery  
  123  9:01  Shield Battery, Pylon  
  123  9:06  Carrier x2  
  119  9:21  Archon  
  131  9:24  Shield Battery  
  131  9:26  Shield Battery x2  
  131  9:32  Graviton Catapult  
  131  9:35  Nexus  
  131  9:37  Shield Battery  
  131  9:41  Pylon  
  131  9:42  Protoss Shields Level 1  
  131  9:44  Stargate  
  125  9:48  Shield Battery  
  125  9:52  Stalker  
  125  9:53  Stalker  
  125  9:54  Stalker  
  131  10:02  Probe x2  
  131  10:05  Probe  
  116  10:14  Probe x2  
  116  10:17  Probe  
  113  10:25  Carrier  
  111  10:31  Nexus  
  111  10:32  Carrier  
  111  10:34  Pylon  
  123  10:50  Sentry x2  
  123  10:51  Sentry  
  127  11:28  Stalker  
  127  11:29  Stalker x2  
  129  11:41  Probe x2  
  129  11:45  Probe  
  132  11:53  Stalker x3  
  119  12:18  Zealot x2  
Show
View Real Time Build Order
Export as new Build Order

Bly Zerg - Winner!

Build Orders: 3 Hatch before Pool 

Get SALT Encoding   

  12  0:01  Drone  
  13  0:12  Overlord  
  13  0:17  Drone  
  14  0:30  Drone x2  
  16  0:49  Hatchery  
  15  0:55  Drone  
  16  1:17  Hatchery  
  16  1:18  Drone  
  16  1:21  Drone  
  16  1:24  Drone  
  18  1:29  Extractor  
  17  1:36  Evolution Chamber  
  17  1:38  Spawning Pool  
  17  1:39  Drone  
  18  1:57  Drone x2  
  18  2:00  Extractor  
  19  2:02  Drone x2  
  21  2:12  Drone  
  21  2:13  Drone  
  23  2:24  Hatchery  
  23  2:25  Queen  
  23  2:28  Zergling x2  
  25  2:34  Queen  
  27  2:37  Zergling x2  
  27  2:42  Overlord  
  28  2:47  Metabolic Boost  
  28  2:54  Overlord  
  28  3:03  Spore Crawler  
  27  3:11  Spore Crawler  
  27  3:12  Drone x2  
  27  3:13  Spore Crawler  
  27  3:14  Drone  
  27  3:15  Drone  
  27  3:19  Drone x2  
  33  3:20  Queen  
  33  3:26  Drone x2  
  37  3:37  Drone x3  
  37  3:38  Queen  
  42  3:49  Spore Crawler, Drone x3  
  42  3:55  Overlord x2  
  43  3:59  Overlord  
  43  4:10  Overlord  
  43  4:15  Zergling x12  
  49  4:19  Drone x2  
  49  4:24  Lair  
  51  4:30  Drone x5  
  56  4:34  Overlord  
  56  4:37  Overlord  
  56  4:41  Spore Crawler  
  56  4:44  Drone  
  56  4:45  Drone x2  
  57  4:51  Extractor  
  57  4:52  Extractor  
  54  4:53  Overlord  
  54  4:54  Drone x2  
  54  4:57  Overlord  
  56  5:03  Overlord  
  56  5:04  Drone  
  56  5:05  Drone x2  
  57  5:17  Zergling x2  
  57  5:18  Zergling x16  
  66  5:26  Hydralisk Den  
  66  5:28  Drone x5  
  70  5:35  Queen  
  70  5:37  Overlord  
  70  5:40  Overlord  
  69  5:45  Queen  
  69  5:49  Drone x4  
  75  5:54  Spore Crawler  
  74  5:57  Overlord  
  74  5:58  Overlord  
  74  6:02  Spore Crawler  
  70  6:10  Drone x7  
  71  6:11  Drone  
  71  6:15  Drone x3  
  74  6:21  Overlord  
  74  6:26  Extractor x2  
  67  6:39  Zergling x18  
  73  6:42  Drone  
  71  6:48  Hatchery  
  70  6:58  Drone x6  
  70  6:59  Muscular Augments  
  76  7:02  Drone  
  76  7:03  Drone  
  78  7:09  Drone  
  79  7:16  Overlord  
  76  7:30  Drone x5  
  76  7:32  Drone x2  
  76  7:33  Baneling Nest  
  76  7:34  Extractor, Evolution Chamber, Drone x3  
  78  7:39  Drone x2  
  78  7:42  Drone x2  
  82  7:48  Overlord  
  82  8:00  Zerg Melee Weapons Level 1  
  82  8:01  Hydralisk x4  
  82  8:03  Hydralisk x2  
  94  8:08  Hydralisk  
  94  8:10  Grooved Spines  
  94  8:12  Hydralisk x2  
  96  8:13  Hydralisk  
  103  8:21  Centrifical Hooks  
  101  8:30  Hydralisk x9  
  101  8:32  Overlord  
  119  8:34  Hydralisk x2  
  119  8:36  Overlord  
  121  8:44  Overlord  
  121  8:48  Drone  
  121  8:49  Drone x8  
  130  8:57  Overseer  
  130  9:01  Overlord, Spire  
  127  9:19  Zergling x30  
  142  9:25  Extractor x2  
  139  9:32  Hatchery  
  139  9:34  Spore Crawler  
  139  9:35  Baneling x7  
  137  9:39  Drone  
  137  9:40  Drone x4  
  137  9:41  Drone x4  
  137  9:42  Drone  
  147  9:48  Baneling x15  
  134  10:09  Hydralisk x12  
  149  10:17  Hydralisk  
  149  10:18  Hydralisk x3  
  147  10:27  Zergling x16  
  147  10:36  Hydralisk  
  147  10:37  Hydralisk x4  
  147  10:39  Zergling x4  
  159  10:49  Overseer  
  159  10:57  Baneling x16  
  159  11:06  Corruptor x6  
  159  11:07  Overlord  
  144  11:30  Corruptor x7  
  144  11:32  Zergling x12  
  149  11:50  Hydralisk x8  
Tags
 
Add a new tag
Caveats
  • Supply blocks, unpowered buildings, or Contaminate may cause inaccurate times.
  • Supply counts are checked every 10 seconds.